 Dungeon Sprint DCSS version 0.30-a0-393-g54b8e3be05 (webtiles) character file.

Game seed: 2282555268286389177

161 retardedninja the Cleaver (level 5, -3/52 HPs)
             Began as a Hill Orc Fighter on Dec 5, 2022.
             Killed from afar by a deep elf pyromancer (11 damage)
             ... with a sticky flame
             ... in the Dungeon (Sprint III: "The Ten Rune Challenge").
             The game lasted 00:01:32 (1073 turns).

retardedninja the Cleaver (Hill Orc Fighter)        Turns: 1073, Time: 00:01:33

Health: -3/52      AC:  7    Str: 21    XL:     5   Next: 42%
Magic:  5/5        EV:  9    Int:  8    God:
Gold:   28         SH:  5    Dex: 10    Spells: 4/4 levels left

rFire   . . .      SeeInvis .    a - +0 war axe
rCold   . . .      Faith    .    c - +0 buckler
rNeg    . . .      Spirit   .    b - +0 scale mail
rPois   .          Reflect  .    (no helmet)
rElec   .          Harm     .    (no cloak)
rCorr   .          Rampage  .    (no gloves)
Will    .....      NoTele   +    (no boots)
Stlth   ..........               (no amulet)
HPRegen 0.28/turn                (no ring)
MPRegen 0.09/turn                (no ring)

@: on fire, hasted, glowing, very quick
A: no striking features
a: no special abilities


You were in the Dungeon.
You visited 1 branch You collected 28 gold pieces.

Inventory:

Hand Weapons
 a - a +0 war axe (weapon)
Armour
 b - a +0 scale mail (worn)
 c - a +0 buckler (worn)
Scrolls
 j - a scroll of blinking
 k - a scroll of poison {unknown}
 l - 2 scrolls of identify {unknown}
 o - a scroll of immolation {unknown}
Potions
 h - 2 potions of magic
 i - a potion of berserk rage
 n - 3 potions of flight


   Skills:
 + Level 7.3 Fighting
 + Level 8.1 Axes
 + Level 6.0 Armour
 + Level 1.1 Dodging
 + Level 6.2 Shields


You had 4 spell levels left.
You didn't know any spells.
Your spell library was empty.

Dungeon Overview and Level Annotations

Branches:
Dungeon (1/1)

Altars:
Elyvilon
Zin
The Shining One


Message History

Your magic is already full.
You feel yourself speed up.
The deep elf pyromancer mumbles some strange words.
The deep elf pyromancer blinks!
The deep elf pyromancer casts a spell at you.
The sticky flame hits you!
You are covered in liquid flames!
You are covered in liquid flames!
You closely miss the deep elf pyromancer.
You are covered in liquid flames!
The deep elf pyromancer hits you with a +2 long sword of holy wrath!
You hit the deep elf pyromancer.
The deep elf pyromancer is lightly wounded.
You barely miss the deep elf pyromancer.
The deep elf pyromancer is lightly wounded.
The deep elf pyromancer points at you and mumbles some strange words.
The sticky flame hits you!
You are covered in liquid flames!
You hit the deep elf pyromancer.
The deep elf pyromancer is moderately wounded.
You are covered in liquid flames!
* * * LOW HITPOINT WARNING * * *
The deep elf pyromancer hits you with a +2 long sword of holy wrath.
* * * LOW HITPOINT WARNING * * *
You feel better.
You are covered in liquid flames!
* * * LOW HITPOINT WARNING * * *
You slash the deep elf pyromancer!
The deep elf pyromancer is heavily wounded.
You are covered in liquid flames!
* * * LOW HITPOINT WARNING * * *
You are no longer on fire.
The deep elf pyromancer hits you with a +2 long sword of holy wrath.
* * * LOW HITPOINT WARNING * * *
You slash the deep elf pyromancer!
The deep elf pyromancer is almost dead.
The deep elf pyromancer points at you and mumbles some strange words.
The sticky flame hits you!
You are covered in liquid flames!
You die...

▓▓▓▓▓▓ ▓▓▓ '....♣♣♣
♣.##### #....♣.♣
♣♣.#___# #......♣
♣..#!..#
#....~♣♣♣♣..###'#+###+##
#...~~♣..♣♣.#..........#
#..~~~~.♣♣♣.'.⌠.@e.....#
#..~≈≈~~~.♣.#...######+#
#.~~≈~~~....#.⌠.#
#.~≈~~~.....#...#
#.~~~.......#+###
#...........#
............#
▓▓▓▓▓▓▓▓▓▓▓▓▓


You could see a deep elf pyromancer.

Vanquished Creatures
  A scorpion (D)
  A water elemental (D)
  Jessica (D)
  A human (D)
  An endoplasm (D)
  2 rats (D)
7 creatures vanquished.

Notes
Turn   | Place    | Note
-------+----------+-------------------------------------------
     0 | D        | retardedninja the Hill Orc Fighter began the quest for the
                  | Orb.
     0 | D        | Reached XP level 1. HP: 19/19 MP: 1/1
    95 | D        | Noticed Jessica
   109 | D        | Killed Jessica
   110 | D        | Reached skill level 5 in Fighting
   110 | D        | Reached skill level 4 in Axes
   110 | D        | Reached XP level 2. HP: 21/29 MP: 2/2
   110 | D        | Reached XP level 3. HP: 26/36 MP: 3/3
   340 | D        | Reached skill level 5 in Armour
   340 | D        | Reached skill level 5 in Shields
   512 | D        | Noticed a scorpion
   531 | D        | Killed a scorpion
   532 | D        | Reached skill level 6 in Axes
   532 | D        | Reached XP level 4. HP: 33/45 MP: 4/4
   715 | D        | Noticed a water elemental
   719 | D        | HP: 1/45 [water elemental (18)]
   722 | D        | Killed a water elemental
   723 | D        | Reached skill level 8 in Axes
   723 | D        | Reached skill level 1 in Dodging
   723 | D        | Reached XP level 5. HP: 7/52 MP: 5/5
  1061 | D        | Found a glowing silver altar of Zin.
  1061 | D        | Found a glowing golden altar of the Shining One.
  1061 | D        | Found a white marble altar of Elyvilon.
  1062 | D        | Noticed a deep elf pyromancer
  1073 | D        | Killed from afar by a deep elf pyromancer

Illustrated notes

Levels and vault maps discovered:
D:        dungeon_sprint_mu [sprint_mu_entry_forest, sprint_mu_temple_rooms,
          sprint_mu_d1_horrors, sprint_mu_d2_genie, sprint_mu_d3_branching,
          sprint_mu_orc_legion, sprint_mu_elf_gauntlet, sprint_mu_hive_nellie,
          sprint_mu_lair_fedhas, sprint_mu_vaults_butterflies,
          sprint_mu_slime_circle, sprint_mu_swamp_cave, sprint_mu_shoals_archi,
          sprint_mu_blade_basic, sprint_mu_crypt_lich, sprint_mu_tomb_spiral,
          sprint_mu_vestibule_basic, sprint_mu_gehenna_hellfire,
          sprint_mu_dis_giant, sprint_mu_tartarus_statrot,
          sprint_mu_cocytus_islands, sprint_mu_zot1]

Skill      XL: |  1  2  3  4 |
---------------+-------------+-----
Fighting       | 5 6 7 |  7.3
Axes           | 4 6 8 |  8.1
Armour         | 4 5 6 |  6.0
Shields        | 4 5 6 |  6.2
Dodging        | 1 |  1.1

Action                   |  1- 3 |  4- 6 || total
-------------------------+-------+-------++-------
Melee: War axe           |    38 |     9 ||    47
  Use: Potion            |       |     5 ||     5
Armor: Scale mail        |    13 |       ||    13
Dodge: Dodged            |    18 |     3 ||    21
Block: Buckler           |    14 |     1 ||    15

Table legend: (Time is in decaauts)
 A = Elapsed time spent in this place.
 B = Non-inter-level travel time spent in this place.
 C = Inter-level travel time spent in this place.
 D = Time resting spent in this place.
 E = Time spent auto-exploring this place.
 F = Levels seen in this place.
 G = Mean time per level.
                   A        B        C        D        E       F      G
               +--------+--------+--------+--------+--------+-----+--------+
         Total |   1088 |   1088 |      0 |    841 |     10 |   1 | 1088.0 |
       Dungeon |   1088 |   1088 |      0 |    841 |     10 |   1 | 1088.0 |
               +--------+--------+--------+--------+--------+-----+--------+

Top non-repeatable levels by time:
       D: 1088 daAuts
